 Dungeon Crawl Stone Soup version 0.29.0-4-gdea44cf6ec (webtiles) character file.

Game seed: 4555692284785878946

123671 qw the Brawler (level 16, 0/154 (156) HPs)
             Began as a Troll Cinder Acolyte on Sept 2, 2022.
             Was a High Priest of Okawaru.
             Slain by a spriggan rider
             ... wielding a +0 spear
              (5 damage)
             ... on level 3 of the Swamp.
             The game lasted 00:13:56 (21108 turns).

qw the Brawler (Troll Cinder Acolyte)              Turns: 21108, Time: 00:13:56

HP:   0/154 (156)   AC: 25    Str: 38    XL:     16   Next: 37%
MP:   22/22         EV:  9    Int: 10    God:    Okawaru [*****.]
Gold: 2305          SH: 12    Dex:  5    Spells: 17/17 levels left

rFire   + . .      SeeInvis +     - Unarmed
rCold   + + .      Faith    .   w - +0 kite shield {rC+}
rNeg    + . .      Spirit   .   k - +9 pearl dragon scales of the Devil's Team {rN+ Regen+ rCorr SInv}
rPois   +          Reflect  .   (helmet restricted)
rElec   .          Harm     .   v - scarf {rC+ rF+}
rCorr   +          Rampage  .   (gloves unavailable)
Will    +....                   (boots unavailable)
Stlth   +.........              g - amulet of regeneration
HPRegen 2.75/turn               u - ring of poison resistance
MPRegen 0.18/turn               j - +6 ring of strength

@: about to teleport, heroic, lightly drained
A: large, unfitting armour, claws 3, regeneration 1, shaggy fur 1, tough skin 1
a: Renounce Religion, Heroism, Finesse, Duel


You were on level 3 of the Swamp.
You worshipped Okawaru.
Okawaru was extremely pleased with you.
You visited 4 branches of the dungeon, and saw 25 of its levels.

You collected 2559 gold pieces.
You spent 254 gold pieces at shops.


Innate Abilities, Weirdness & Mutations

You are too large for most types of armour.
You have claws for hands.
Your natural rate of healing is unusually fast.
You are covered in fur. (AC +1)
You have tough skin. (AC +1)


   Skills:
 - Level 9.0(14.0) Fighting
 - Level 8.0(13.0) Throwing
 - Level 5.0(10.0) Armour
 - Level 3.0(8.0) Dodging
 - Level 12.7(17.7) Shields
 + Level 19.6(24.6) Unarmed Combat
 - Level 1.0 Spellcasting
 - Level 2.1 Fire Magic
 - Level 10.0 Invocations


You had 17 spell levels left.
You didn't know any spells.
Your spell library contained the following spells:

 Spells                   Type           Power      Damage    Failure   Level
 Scorch                   Fire           8%         2d5       47%         2

Inventory:

Missiles
 d - 18 large rocks (quivered)
 i - 23 boomerangs
 s - 5 javelins
Armour
 k - the +9 pearl dragon scales of the Devil's Team (worn) {rN+ Regen+ rCorr SInv}
   (You acquired it on level 4 of the Dungeon)

   rN:        It protects you from negative energy.
   SInv:      It lets you see invisible.
   Regen:     It increases your rate of health regeneration.
   rCorr:     It protects you from acid and corrosion.
 q - a +2 cloak of preservation
 v - a scarf of resistance (worn)
 w - a +0 kite shield of cold resistance (worn)
Jewellery
 c - a ring of see invisible
 e - a ring of ice
 g - an amulet of regeneration (around neck)
 j - a +6 ring of strength (right claw)
 t - a +6 ring of dexterity
 u - a ring of poison resistance (left claw)
Scrolls
 a - a scroll of teleportation
 b - 13 scrolls of identify
 o - 3 scrolls of enchant weapon
 r - 3 scrolls of enchant armour
Potions
 f - 13 potions of curing
 h - 4 potions of haste
 l - 3 potions of might
 m - 3 potions of resistance
 n - a potion of cancellation
 p - 4 potions of mutation

Dungeon Overview and Level Annotations

Branches:
Dungeon (15/15)            Temple (0/1) D:6            Lair (5/5) D:8
  Swamp (3/4) Lair:3       Spider (0/4) Lair:3        Slime (0/5) Lair:5
    Orc (2/2) D:11            Elf (0/3) Orc:2        Vaults (0/5) D:13
 Depths (0/4) D:15

Altars:
Ashenzari
Fedhas
Hepliaklqana
Okawaru
Ru
Vehumet
Xom
Yredelemnul
Jiyva

Shops:
D:12 *   D:14 :   Orc:1 (*   Orc:2 [?[?

Annotations:
D:3 3 runed translucent doors, Zocacali's ghost, amateur TeWr
D:5 2 runed translucent doors
Lair:5 1 runed translucent door


Message History

The bunyip howls a warning cry!
The spriggan rider closely misses you.
There is a stone staircase leading up here.
21102 ||| Stepping ~*~*~tactically~*~*~ (outnumbered).
The eleionoma attacks as you move away! The eleionoma hits you!
The ghoul attacks as you move away! You block the ghoul's attack. x2
The spriggan rider hits you but does no damage.
You claw the bunyip!
The bunyip is moderately wounded.
The bunyip claws you. The bunyip claws you! You block the bunyip's attack.
The spriggan rider hits you from afar with a +0 spear.
The spriggan rider hits you from afar with a +0 spear!
21104 ||| READING 2 scrolls of teleportation.
As you read the scroll of teleportation, it crumbles to dust.
You feel strangely unstable. The eleionoma barely misses you.
An alligator comes into view.
The spriggan rider hits you but does no damage.
The spriggan rider hits you from afar with a +0 spear.
The spriggan rider hits you but does no damage.
You claw the bunyip!
The bunyip is moderately wounded.
The eleionoma hits you.
The spriggan rider hits you but does no damage.
You closely miss the bunyip.
The bunyip is moderately wounded.
You block the spriggan rider's attack.
The spriggan rider hits you from afar with a +0 spear!
The eleionoma hits you but does no damage.
You mangle the bunyip!!
The bunyip is severely wounded.
The spriggan rider hits you with a +0 spear.
The alligator puts on a burst of speed!
You mangle the bunyip!!
The bunyip is almost dead.
You block the bunyip's attack. x3
The spriggan rider hits you but does no damage.
The spriggan rider barely misses you. You block the eleionoma's attack.
The spriggan rider hits you with a +0 spear.
You die...

~~~~...¤i ~~77
.~~~~¤.$~.~~~.~777
~~~~~~..$.~ ~.~~.7
~¤~~~¤~~~~.7.~~~.7~
~~¤~~~~~¤[7..~~~~.~
~~~~.....7~......~~
~~~~.~.~n7..~~..~~~
~~~t.~~xiin[~~..~~~
..777@Ri.~~~..~~~
7.nn~¤.~...).
7~...~~~¤~..~77
7.~~~~~~~~~....
7.~~~.~~~~~~~~.
77~~~....~~~~~.
~...777....~~.
.77~.7 7~~.~~


You could see a ghoul, a bunyip, an eleionoma, an alligator (swift), 3 spriggan
riders and 3 necrophages.

Vanquished Creatures
  Nikola (Swamp:2)
  Jorgrun (Swamp:2)
  Frances (Swamp:2)
  A thorn hunter (Swamp:1)
  3 dire elephants
  Nessos (D:12)
  An eleionoma (Swamp:1)
  Azrael (D:12)
  2 bunyips
  An ettin (Orc:1)
  A shambling mangrove (Swamp:2)
  A vault guard (D:13)
  A ghost crab (Swamp:3)
  11 hydras
  3 boulder beetles
  8 centaur warriors
  A two-headed ogre (Orc:1)
  An ogre mage (D:13)
  2 catoblepae
  2 tengu warriors
  7 death yaks
  6 alligators
  A death knight (D:13)
  8 orc high priests
  A deep elf knight (D:13)
  A fire crab (shapeshifter) (D:15)
  10 spriggans
  A spectral anaconda (Lair:5)
  5 skeletal warriors (D:15)
  2 spriggan druids (Swamp:2)
  4 bog bodies
  2 goliath frogs (Swamp:1)
  A swamp dragon (Swamp:2)
  An obsidian statue (Lair:5)
  5 deep elf pyromancers
  2 wizards
  Pikel (D:6)
  An oklob plant (Lair:2)
  5 necromancers
  2 orc sorcerers
  14 ugly things
  3 cyclopes
  2 will-o-the-wisps (Swamp:2)
  A deep elf zephyrmancer (D:13)
  A dire elephant zombie (Lair:5)
  13 elephants
  2 manticores
  A centaur zombie (D:15)
  Joseph (D:9)
  2 torpor snails (Lair:4)
  7 cane toads
  A naga mage (D:15)
  3 gargoyles
  A centaur skeleton (D:15)
  An unseen horror (D:13)
  8 komodo dragons
  2 tengu conjurers
  9 trolls
  8 tyrant leeches
  A bloated husk (Swamp:2)
  A meliai (D:13)
  5 polar bears
  14 hornets
  Prince Ribbit (D:6)
  27 slime creatures
  21 blink frogs
  A vampire (D:13)
  3 wraiths
  2 shadows
  A culicivora (shapeshifter) (D:12)
  A centaur simulacrum (D:15)
  2 wyverns
  44 yaks
  A basilisk (Lair:5)
  22 fire elementals
  A steam dragon (D:10)
  6 vampire mosquitoes
  2 death yak simulacra (Lair:5)
  10 swamp worms
  4 acid dragons
  17 water moccasins
  3 hell hounds (D:12)
  10 wargs
  2 swamp drakes
  2 sky beasts
  An elephant zombie (Lair:5)
  12 orc warriors
  3 ice beasts (D:7)
  6 black bears
  3 wolves (Lair:1)
  7 ogres
  9 centaurs
  2 phantoms
  A kobold brigand (D:11)
  13 bullfrogs
  2 gnoll sergeants
  4 cane toad simulacra (Lair:5)
  3 necrophages
  14 scorpions
  5 wights (D:9)
  An elephant simulacrum (Lair:5)
  10 killer bees
  3 howler monkeys
  2 jellies
  41 orc priests
  4 hounds
  A gnoll bouda (D:6)
  A boggart zombie (D:15)
  4 iguanas
  22 orc wizards
  5 gnolls (D:8)
  9 adders
  2 shadow imps
  2 ufetubi
  2 worms
  A dart slug (D:5)
  77 orcs
  4 endoplasms
  2 giant cockroaches (D:3)
  8 goblins
  8 hobgoblins
  7 jackals
  5 kobolds
  8 ball pythons
  5 bats
  2 rats
715 creatures vanquished.

Vanquished Creatures (others)
  A bloated husk (Swamp:2)
  24 fungi
  44 plants
  14 withered plants (Lair:5)
83 creatures vanquished.

Grand Total: 798 creatures vanquished

Notes
Turn   | Place    | Note
-------+----------+-------------------------------------------
     0 | D:1      | qw the Troll Cinder Acolyte began the quest for the Orb.
     0 | D:1      | Reached XP level 1. HP: 22/22 MP: 1/1
     0 | D:1      | 0 ||| qw: Version: 0.1-a-97-g2dd2ca4
     0 | D:1      | 0 ||| qw: Game counter: 4935
     0 | D:1      | 0 ||| qw: Always use a shield: true
     0 | D:1      | 0 ||| qw: God list: Okawaru
     0 | D:1      | 0 ||| qw: Allow faded altars: false
     0 | D:1      | 0 ||| qw: Do Orc after D:15 true
     0 | D:1      | 0 ||| qw: Do second Lair branch before Depths: true
     0 | D:1      | 0 ||| qw: Lair rune preference: random
     0 | D:1      | 0 ||| qw: Plans: Normal
     0 | D:1      | 0 ||| PLANNING D:1-11
    98 | D:1      | 98 ||| Stepping ~*~*~tactically~*~*~ (stealth).
   421 | D:1      | 421 ||| UPGRADING to ring of willpower.
   422 | D:1      | 422 ||| READING scroll labelled LOGRIO VAELI.
   423 | D:1      | 423 ||| READING scroll labelled ISOEMA RIOMO.
   424 | D:1      | 424 ||| READING scroll labelled XIFERU KUV.
   425 | D:1      | 425 ||| DRINKING 2 bubbling golden potions.
   526 | D:1      | 526 ||| DROPPING potion of ambrosia.
   556 | D:2      | Reached XP level 2. HP: 29/29 MP: 2/2
   673 | D:2      | Found a faded altar of an unknown god.
   966 | D:2      | 966 ||| Stepping ~*~*~tactically~*~*~ (stealth).
   981 | D:2      | Reached skill level 4 in Unarmed Combat
  1259 | D:2      | 1259 ||| READING scroll labelled BESENA BIUZURU.
  1260 | D:2      | 1260 ||| DRINKING 2 smoky brown potions.
  1320 | D:3      | Reached XP level 3. HP: 36/36 MP: 3/3
  1382 | D:3      | Noticed a scorpion
  1387 | D:3      | Killed a scorpion
  1388 | D:3      | Reached skill level 5 in Unarmed Combat
  1388 | D:3      | Reached XP level 4. HP: 39/44 MP: 4/4
  1494 | D:3      | 1494 ||| Stepping ~*~*~tactically~*~*~ (stealth).
  1495 | D:3      | 1495 ||| Stepping ~*~*~tactically~*~*~ (stealth).
  1499 | D:3      | 1499 ||| Stepping ~*~*~tactically~*~*~ (stealth).
  1649 | D:3      | 1649 ||| Stepping ~*~*~tactically~*~*~ (stealth).
  1661 | D:3      | 1661 ||| Stepping ~*~*~tactically~*~*~ (stealth).
  1678 | D:3      | Reached XP level 5. HP: 48/50 MP: 5/5
  1683 | D:3      | Found a runed translucent gate.
  1684 | D:3      | Found a runed translucent gate.
  1718 | D:3      | Found a basalt altar of Yredelemnul.
  1799 | D:3      | Found a runed translucent gate.
  1801 | D:3      | Noticed Zocacali's ghost (amateur TeWr)
  1833 | D:3      | 1833 ||| Stepping ~*~*~tactically~*~*~ (stealth).
  1837 | D:3      | 1837 ||| Stepping ~*~*~tactically~*~*~ (stealth).
  1838 | D:3      | 1838 ||| Stepping ~*~*~tactically~*~*~ (stealth).
  1843 | D:3      | 1843 ||| Stepping ~*~*~tactically~*~*~ (stealth).
  1852 | D:3      | 1852 ||| Stepping ~*~*~tactically~*~*~ (outnumbered).
  1855 | D:3      | 1855 ||| INVOKING Fiery Armour.
  1992 | D:3      | Reached skill level 6 in Unarmed Combat
  2114 | D:3      | 2114 ||| UPGRADING to amulet of regeneration.
  2119 | D:3      | 2119 ||| DRINKING 2 orange potions.
  2120 | D:3      | 2120 ||| DROPPING potion of attraction.
  2216 | D:4      | 2216 ||| Stepping ~*~*~tactically~*~*~ (outnumbered).
  2324 | D:4      | 2324 ||| INVOKING Fiery Armour.
  2382 | D:4      | Reached XP level 6. HP: 59/59 MP: 6/6
  2568 | D:4      | Reached skill level 7 in Unarmed Combat
  2835 | D:4      | 2835 ||| UPGRADING to +6 ring of strength.
  2836 | D:4      | 2836 ||| DROPPING ring of magical power.
  2837 | D:4      | 2837 ||| READING 2 scrolls labelled ILAISA BEMU.
  2838 | D:4      | 2838 ||| READING scroll labelled IPLUTA QOSHRUQY.
  2838 | D:4      | Identified a scroll of acquirement
  2838 | D:4      | 2838 ||| ACQUIRING +9 pearl dragon scales of the Devil's
                  | Team {rN+ Regen+ rCorr SInv}
  2838 | D:4      | Acquired the +9 pearl dragon scales of the Devil's Team
                  | {rN+ Regen+ rCorr SInv}
  2840 | D:4      | 2840 ||| UPGRADING to +9 pearl dragon scales of the Devil's
                  | Team {rN+ Regen+ rCorr SInv}.
  2850 | D:4      | 2850 ||| DROPPING +0 robe.
  2851 | D:4      | 2851 ||| READING scroll labelled GYOR LUTOPLIKH.
  2852 | D:4      | 2852 ||| DRINKING 2 coppery potions.
  2900 | D:4      | 2900 ||| DRINKING 2 green potions.
  2901 | D:4      | 2901 ||| READING 2 scrolls of identify.
  2901 | D:4      | 2901 ||| IDENTIFYING smoky inky potion
  2902 | D:4      | 2902 ||| DROPPING potion of lignification.
  2903 | D:4      | 2903 ||| DROPPING scroll of blinking.
  2912 | D:5      | Entered Level 5 of the Dungeon
  2959 | D:5      | Reached skill level 1 in Armour
  2975 | D:5      | Found a large runed translucent door.
  2976 | D:5      | Found a large runed translucent door.
  3004 | D:5      | 3004 ||| Stepping ~*~*~tactically~*~*~ (outnumbered).
  3005 | D:5      | 3005 ||| Stepping ~*~*~tactically~*~*~ (outnumbered).
  3011 | D:5      | 3011 ||| Stepping ~*~*~tactically~*~*~ (stealth).
  3019 | D:5      | 3019 ||| Stepping ~*~*~tactically~*~*~ (outnumbered).
  3020 | D:5      | 3020 ||| Stepping ~*~*~tactically~*~*~ (outnumbered).
  3021 | D:5      | 3021 ||| Stepping ~*~*~tactically~*~*~ (outnumbered).
  3022 | D:5      | 3022 ||| Stepping ~*~*~tactically~*~*~ (outnumbered).
  3023 | D:5      | 3023 ||| Stepping ~*~*~tactically~*~*~ (outnumbered).
  3024 | D:5      | 3024 ||| Stepping ~*~*~tactically~*~*~ (outnumbered).
  3025 | D:5      | 3025 ||| Stepping ~*~*~tactically~*~*~ (outnumbered).
  3026 | D:5      | 3026 ||| Stepping ~*~*~tactically~*~*~ (outnumbered).
  3027 | D:5      | 3027 ||| Stepping ~*~*~tactically~*~*~ (outnumbered).
  3028 | D:5      | 3028 ||| Stepping ~*~*~tactically~*~*~ (outnumbered).
  3029 | D:5      | 3029 ||| Stepping ~*~*~tactically~*~*~ (outnumbered).
  3030 | D:5      | 3030 ||| Stepping ~*~*~tactically~*~*~ (outnumbered).
  3031 | D:5      | 3031 ||| Stepping ~*~*~tactically~*~*~ (outnumbered).
  3032 | D:5      | 3032 ||| Stepping ~*~*~tactically~*~*~ (outnumbered).
  3039 | D:5      | Reached XP level 7. HP: 66/66 MP: 7/7
  3071 | D:5      | 3071 ||| Stepping ~*~*~tactically~*~*~ (hiding).
  3089 | D:5      | Found a sacrificial altar of Ru.
  3164 | D:5      | 3164 ||| Stepping ~*~*~tactically~*~*~ (stealth).
  3168 | D:5      | 3168 ||| Stepping ~*~*~tactically~*~*~ (stealth).
  3274 | D:5      | 3274 ||| READING scroll labelled SYENUK ORYMU.
  3290 | D:5      | Reached skill level 8 in Unarmed Combat
  3309 | D:5      | Reached skill level 3 in Fighting
  3499 | D:5      | Found an iron altar of Okawaru.
  3552 | D:5      | 3552 ||| READING 3 scrolls of identify.
  3552 | D:5      | 3552 ||| IDENTIFYING metallic red potion
  3553 | D:5      | 3553 ||| READING 2 scrolls of identify.
  3553 | D:5      | 3553 ||| IDENTIFYING dark potion
  3554 | D:5      | 3554 ||| DROPPING potion of invisibility.
  3555 | D:5      | 3555 ||| DROPPING potion of degeneration.
  3629 | D:6      | 3629 ||| Stepping ~*~*~tactically~*~*~ (stealth).
  3633 | D:6      | 3633 ||| Stepping ~*~*~tactically~*~*~ (outnumbered).
  3660 | D:6      | Noticed Pikel
  3661 | D:6      | 3661 ||| Stepping ~*~*~tactically~*~*~ (stealth).
  3673 | D:6      | Killed Pikel
  3674 | D:6      | Reached skill level 10 in Unarmed Combat
  3674 | D:6      | Reached XP level 8. HP: 69/75 MP: 8/8
  3676 | D:6      | Reached skill level 1 in Throwing
  3685 | D:6      | Found a staircase to the Ecumenical Temple.
  3694 | D:6      | Noticed Prince Ribbit
  3704 | D:6      | Killed Prince Ribbit
  3765 | D:6      | 3765 ||| Stepping ~*~*~tactically~*~*~ (stealth).
  3787 | D:6      | 3787 ||| Stepping ~*~*~tactically~*~*~ (stealth).
  3810 | D:6      | 3810 ||| Stepping ~*~*~tactically~*~*~ (stealth).
  3811 | D:6      | 3811 ||| Stepping ~*~*~tactically~*~*~ (stealth).
  3814 | D:6      | 3814 ||| Stepping ~*~*~tactically~*~*~ (stealth).
  3820 | D:6      | 3820 ||| Stepping ~*~*~tactically~*~*~ (stealth).
  3830 | D:6      | Reached XP level 9. HP: 84/84 MP: 9/9
  3845 | D:6      | 3845 ||| Stepping ~*~*~tactically~*~*~ (stealth).
  3856 | D:6      | Reached skill level 1 in Dodging
  3967 | D:6      | Reached skill level 11 in Unarmed Combat
  4180 | D:6      | 4180 ||| Stepping ~*~*~tactically~*~*~ (stealth).
  4185 | D:6      | 4185 ||| Stepping ~*~*~tactically~*~*~ (stealth).
  4186 | D:6      | 4186 ||| Stepping ~*~*~tactically~*~*~ (stealth).
  4191 | D:6      | Reached skill level 3 in Armour
  4499 | D:6      | 4499 ||| READING scroll labelled FAURHA HOUMA.
  4500 | D:6      | 4500 ||| DRINKING 2 inky potions.
  4501 | D:6      | 4501 ||| READING 5 scrolls of identify.
  4501 | D:6      | 4501 ||| IDENTIFYING brown potion
  4502 | D:6      | 4502 ||| READING 4 scrolls of identify.
  4502 | D:6      | 4502 ||| IDENTIFYING bubbling inky potion
  4503 | D:6      | 4503 ||| DROPPING potion of brilliance.
  4640 | D:7      | Found a hazy altar of Hepliaklqana.
  4648 | D:7      | Found a radiant altar of Vehumet.
  4776 | D:7      | Found a flagged portal.
  4777 | D:7      | 4777 ||| Stepping ~*~*~tactically~*~*~ (hiding).
  4882 | D:7      | Reached skill level 12 in Unarmed Combat
  5005 | D:7      | Found a blossoming altar of Fedhas.
  5273 | D:7      | 5273 ||| READING scroll labelled YKKUEL JIPTA.
  5326 | D:8      | 5326 ||| STAIRDANCE
  5331 | D:8      | 5331 ||| STAIRDANCE
  5345 | D:8      | 5345 ||| STAIRDANCE
  5358 | D:8      | 5358 ||| STAIRDANCE
  5363 | D:8      | 5363 ||| STAIRDANCE
  5386 | D:8      | 5386 ||| Stepping ~*~*~tactically~*~*~ (outnumbered).
  5387 | D:8      | 5387 ||| Stepping ~*~*~tactically~*~*~ (outnumbered).
  5463 | D:8      | Paralysed by a hornet for 1 turns
  5491 | D:8      | 5491 ||| Stepping ~*~*~tactically~*~*~ (hiding).
  5493 | D:8      | 5493 ||| Stepping ~*~*~tactically~*~*~ (hiding).
  5502 | D:8      | Reached XP level 10. HP: 87/96 MP: 10/10
  5502 | D:8      | 5502 ||| Stepping ~*~*~tactically~*~*~ (hiding).
  5503 | D:8      | 5503 ||| Stepping ~*~*~tactically~*~*~ (hiding).
  5632 | D:8      | Reached skill level 13 in Unarmed Combat
  5636 | D:8      | 5636 ||| Stepping ~*~*~tactically~*~*~ (outnumbered).
  5646 | D:8      | 5646 ||| INVOKING Fiery Armour.
  5647 | D:8      | 5647 ||| Stepping ~*~*~tactically~*~*~ (outnumbered).
  5649 | D:8      | 5649 ||| Stepping ~*~*~tactically~*~*~ (outnumbered).
  5651 | D:8      | 5651 ||| Stepping ~*~*~tactically~*~*~ (outnumbered).
  5736 | D:8      | You fall into a shaft and drop 3 floors!
  5742 | D:11     | 5742 ||| UPGRADING to +0 kite shield.
  5757 | D:11     | Reached skill level 1 in Shields
  5759 | D:10     | Entered Level 10 of the Dungeon
  5775 | D:10     | 5775 ||| Stepping ~*~*~tactically~*~*~ (hiding).
  5780 | D:10     | 5780 ||| INVOKING Fiery Armour.
  5785 | D:10     | 5785 ||| Stepping ~*~*~tactically~*~*~ (outnumbered).
  5789 | D:10     | Reached skill level 3 in Shields
  5855 | D:10     | 5855 ||| Stepping ~*~*~tactically~*~*~ (outnumbered).
  5856 | D:10     | 5856 ||| Stepping ~*~*~tactically~*~*~ (outnumbered).
  5857 | D:10     | 5857 ||| Stepping ~*~*~tactically~*~*~ (outnumbered).
  5859 | D:10     | 5859 ||| Stepping ~*~*~tactically~*~*~ (outnumbered).
  5901 | D:10     | 5901 ||| Stepping ~*~*~tactically~*~*~ (hiding).
  5968 | D:10     | Noticed a boulder beetle
  5969 | D:10     | 5969 ||| INVOKING Fiery Armour.
  5985 | D:10     | Killed a boulder beetle
  5986 | D:10     | Reached skill level 6 in Shields
  6057 | D:10     | 6057 ||| DRINKING 2 lumpy inky potions.
  6058 | D:10     | 6058 ||| READING 5 scrolls of identify.
  6058 | D:10     | 6058 ||| IDENTIFYING viscous ruby potion
  6082 | D:9      | Reached XP level 11. HP: 100/102 MP: 11/11
  6199 | D:8      | Found a staircase to the Lair.
  6279 | D:8      | 6279 ||| Stepping ~*~*~tactically~*~*~ (hiding).
  6508 | D:8      | Found a shimmering altar of Xom.
  6705 | D:8      | 6705 ||| PLANNING LAIR
  6755 | Lair:1   | Entered Level 1 of the Lair of Beasts
  6827 | Lair:1   | Noticed a catoblepas
  6828 | Lair:1   | 6828 ||| Stepping ~*~*~tactically~*~*~ (cloud).
  6833 | Lair:1   | 6833 ||| INVOKING Fiery Armour.
  6837 | Lair:1   | 6837 ||| Stepping ~*~*~tactically~*~*~ (cloud).
  6838 | Lair:1   | Killed a catoblepas
  6946 | Lair:1   | 6946 ||| Stepping ~*~*~tactically~*~*~ (stealth).
  6950 | Lair:1   | 6950 ||| Stepping ~*~*~tactically~*~*~ (stealth).
  6951 | Lair:1   | 6951 ||| Stepping ~*~*~tactically~*~*~ (stealth).
  6954 | Lair:1   | 6954 ||| Stepping ~*~*~tactically~*~*~ (stealth).
  6957 | Lair:1   | 6957 ||| Stepping ~*~*~tactically~*~*~ (stealth).
  6958 | Lair:1   | 6958 ||| Stepping ~*~*~tactically~*~*~ (stealth).
  6959 | Lair:1   | 6959 ||| INVOKING Fiery Armour.
  6960 | Lair:1   | 6960 ||| Stepping ~*~*~tactically~*~*~ (outnumbered).
  6961 | Lair:1   | 6961 ||| Stepping ~*~*~tactically~*~*~ (outnumbered).
  6965 | Lair:1   | 6965 ||| Stepping ~*~*~tactically~*~*~ (outnumbered).
  6972 | Lair:1   | Reached skill level 9 in Shields
  7144 | Lair:1   | 7144 ||| Stepping ~*~*~tactically~*~*~ (stealth).
  7145 | Lair:1   | 7145 ||| Stepping ~*~*~tactically~*~*~ (stealth).
  7536 | Lair:1   | 7536 ||| DROPPING amulet of magic regeneration.
  7600 | Lair:2   | Noticed an eight-headed hydra
  7601 | Lair:2   | 7601 ||| INVOKING Fiery Armour.
  7606 | Lair:2   | Killed a nine-headed hydra
  7659 | Lair:2   | 7659 ||| Stepping ~*~*~tactically~*~*~ (stealth).
  7661 | Lair:2   | 7661 ||| Stepping ~*~*~tactically~*~*~ (stealth).
  7664 | Lair:2   | 7664 ||| Stepping ~*~*~tactically~*~*~ (stealth).
  7670 | Lair:2   | Reached skill level 14 in Unarmed Combat
  7676 | Lair:2   | Noticed a six-headed hydra
  7682 | Lair:2   | Killed an eight-headed hydra
  7716 | Lair:2   | 7716 ||| Stepping ~*~*~tactically~*~*~ (outnumbered).
  7720 | Lair:2   | 7720 ||| Stepping ~*~*~tactically~*~*~ (outnumbered).
  7721 | Lair:2   | 7721 ||| Stepping ~*~*~tactically~*~*~ (outnumbered).
  7722 | Lair:2   | 7722 ||| Stepping ~*~*~tactically~*~*~ (outnumbered).
  7723 | Lair:2   | 7723 ||| Stepping ~*~*~tactically~*~*~ (outnumbered).
  7724 | Lair:2   | 7724 ||| Stepping ~*~*~tactically~*~*~ (outnumbered).
  7726 | Lair:2   | 7726 ||| Stepping ~*~*~tactically~*~*~ (outnumbered).
  7728 | Lair:2   | Reached skill level 6 in Fighting
  7757 | Lair:2   | 7757 ||| Stepping ~*~*~tactically~*~*~ (stealth).
  7779 | Lair:2   | Reached XP level 12. HP: 112/114 MP: 12/12
  7844 | Lair:2   | 7844 ||| Stepping ~*~*~tactically~*~*~ (outnumbered).
  7845 | Lair:2   | 7845 ||| Stepping ~*~*~tactically~*~*~ (outnumbered).
  7846 | Lair:2   | 7846 ||| Stepping ~*~*~tactically~*~*~ (outnumbered).
  7864 | Lair:2   | Reached skill level 3 in Throwing
  7897 | Lair:2   | 7897 ||| INVOKING Fiery Armour.
  7898 | Lair:2   | Noticed a four-headed hydra
  7898 | Lair:2   | Found the +1 robe of Vines {NoPotionHeal Regen++++}
  7898 | Lair:2   | Noticed a five-headed hydra
  7900 | Lair:2   | Killed a six-headed hydra
  7903 | Lair:2   | Killed a six-headed hydra
  8013 | Lair:2   | 8013 ||| Stepping ~*~*~tactically~*~*~ (stealth).
  8050 | Lair:2   | 8050 ||| INVOKING Fiery Armour.
  8055 | Lair:2   | 8055 ||| Stepping ~*~*~tactically~*~*~ (outnumbered).
  8056 | Lair:2   | 8056 ||| Stepping ~*~*~tactically~*~*~ (outnumbered).
  8364 | Lair:3   | 8364 ||| Stepping ~*~*~tactically~*~*~ (stealth).
  8376 | Lair:3   | Reached skill level 15 in Unarmed Combat
  8387 | Lair:3   | 8387 ||| Stepping ~*~*~tactically~*~*~ (stealth).
  8388 | Lair:3   | Found a hole to the Spider Nest.
  8389 | Lair:3   | 8389 ||| Stepping ~*~*~tactically~*~*~ (stealth).
  8396 | Lair:3   | 8396 ||| Stepping ~*~*~tactically~*~*~ (outnumbered).
  8446 | Lair:3   | 8446 ||| Stepping ~*~*~tactically~*~*~ (stealth).
  8448 | Lair:3   | 8448 ||| INVOKING Fiery Armour.
  8451 | Lair:3   | 8451 ||| Stepping ~*~*~tactically~*~*~ (outnumbered).
  8452 | Lair:3   | 8452 ||| Stepping ~*~*~tactically~*~*~ (outnumbered).
  8524 | Lair:3   | 8524 ||| Stepping ~*~*~tactically~*~*~ (stealth).
  8747 | Lair:3   | 8747 ||| Stepping ~*~*~tactically~*~*~ (stealth).
  8752 | Lair:3   | 8752 ||| Stepping ~*~*~tactically~*~*~ (stealth).
  8755 | Lair:3   | 8755 ||| Stepping ~*~*~tactically~*~*~ (stealth).
  8756 | Lair:3   | 8756 ||| Stepping ~*~*~tactically~*~*~ (outnumbered).
  8768 | Lair:3   | 8768 ||| Stepping ~*~*~tactically~*~*~ (outnumbered).
  8965 | Lair:3   | 8965 ||| Stepping ~*~*~tactically~*~*~ (hiding).
  8982 | Lair:3   | 8982 ||| Stepping ~*~*~tactically~*~*~ (hiding).
  8984 | Lair:3   | 8984 ||| Stepping ~*~*~tactically~*~*~ (outnumbered).
  8986 | Lair:3   | 8986 ||| Stepping ~*~*~tactically~*~*~ (outnumbered).
  8987 | Lair:3   | 8987 ||| Stepping ~*~*~tactically~*~*~ (outnumbered).
  8988 | Lair:3   | 8988 ||| Stepping ~*~*~tactically~*~*~ (outnumbered).
  8989 | Lair:3   | 8989 ||| Stepping ~*~*~tactically~*~*~ (outnumbered).
  8991 | Lair:3   | 8991 ||| Stepping ~*~*~tactically~*~*~ (outnumbered).
  8992 | Lair:3   | 8992 ||| Stepping ~*~*~tactically~*~*~ (outnumbered).
  8996 | Lair:3   | 8996 ||| Stepping ~*~*~tactically~*~*~ (outnumbered).
  8998 | Lair:3   | 8998 ||| Stepping ~*~*~tactically~*~*~ (outnumbered).
  9035 | Lair:3   | 9035 ||| Stepping ~*~*~tactically~*~*~ (hiding).
  9037 | Lair:3   | 9037 ||| INVOKING Fiery Armour.
  9041 | Lair:3   | Noticed a seven-headed hydra
  9042 | Lair:3   | Noticed a four-headed hydra
  9044 | Lair:3   | Killed a nine-headed hydra
  9047 | Lair:3   | Killed a six-headed hydra
  9052 | Lair:3   | Found a staircase to the Swamp.
  9429 | Lair:3   | 9429 ||| READING 8 scrolls of identify.
  9429 | Lair:3   | 9429 ||| IDENTIFYING fizzy silvery potion
  9430 | Lair:3   | 9430 ||| DROPPING potion of flight.
  9513 | Lair:4   | 9513 ||| Stepping ~*~*~tactically~*~*~ (stealth).
  9515 | Lair:4   | 9515 ||| Stepping ~*~*~tactically~*~*~ (stealth).
  9516 | Lair:4   | 9516 ||| INVOKING Fiery Armour.
  9529 | Lair:4   | 9529 ||| Stepping ~*~*~tactically~*~*~ (outnumbered).
  9530 | Lair:4   | 9530 ||| Stepping ~*~*~tactically~*~*~ (outnumbered).
  9531 | Lair:4   | 9531 ||| Stepping ~*~*~tactically~*~*~ (outnumbered).
  9532 | Lair:4   | 9532 ||| Stepping ~*~*~tactically~*~*~ (outnumbered).
  9533 | Lair:4   | 9533 ||| Stepping ~*~*~tactically~*~*~ (outnumbered).
  9546 | Lair:4   | Reached skill level 16 in Unarmed Combat
  9555 | Lair:4   | 9555 ||| FLEEEEING.
  9559 | Lair:4   | 9559 ||| FLEEEEING.
  9560 | Lair:4   | 9560 ||| FLEEEEING.
  9561 | Lair:4   | 9561 ||| FLEEEEING.
  9562 | Lair:4   | 9562 ||| FLEEEEING.
  9563 | Lair:4   | 9563 ||| FLEEEEING.
  9564 | Lair:4   | 9564 ||| FLEEEEING.
  9565 | Lair:4   | 9565 ||| FLEEEEING.
  9566 | Lair:4   | 9566 ||| PLANNING CONVERSION TO OKAWARU
  9566 | Lair:4   | 9566 ||| FLEEEEING.
  9567 | Lair:4   | 9567 ||| FLEEEEING.
  9568 | Lair:4   | 9568 ||| FLEEEEING.
  9569 | Lair:4   | 9569 ||| STAIRDANCE
  9720 | D:5      | Fell from the grace of Ignis
  9720 | D:5      | Became a worshipper of Warmaster Okawaru
  9721 | D:5      | 9721 ||| PLANNING LAIR
  9914 | Lair:4   | 9914 ||| Stepping ~*~*~tactically~*~*~ (stealth).
  9929 | Lair:4   | 9929 ||| Stepping ~*~*~tactically~*~*~ (outnumbered).
  9944 | Lair:4   | 9944 ||| FLEEEEING.
  9945 | Lair:4   | 9945 ||| FLEEEEING.
  9953 | Lair:4   | 9953 ||| STAIRDANCE
 10091 | Lair:4   | Noticed a death yak
 10092 | Lair:4   | Noticed a death yak
 10093 | Lair:4   | 10093 ||| Stepping ~*~*~tactically~*~*~ (stealth).
 10103 | Lair:4   | 10103 ||| Stepping ~*~*~tactically~*~*~ (outnumbered).
 10104 | Lair:4   | 10104 ||| Stepping ~*~*~tactically~*~*~ (outnumbered).
 10105 | Lair:4   | 10105 ||| Stepping ~*~*~tactically~*~*~ (outnumbered).
 10107 | Lair:4   | 10107 ||| Stepping ~*~*~tactically~*~*~ (outnumbered).
 10108 | Lair:4   | 10108 ||| Stepping ~*~*~tactically~*~*~ (outnumbered).
 10109 | Lair:4   | 10109 ||| Stepping ~*~*~tactically~*~*~ (outnumbered).
 10110 | Lair:4   | 10110 ||| Stepping ~*~*~tactically~*~*~ (outnumbered).
 10111 | Lair:4   | 10111 ||| Stepping ~*~*~tactically~*~*~ (outnumbered).
 10113 | Lair:4   | 10113 ||| Stepping ~*~*~tactically~*~*~ (outnumbered).
 10114 | Lair:4   | 10114 ||| Stepping ~*~*~tactically~*~*~ (outnumbered).
 10115 | Lair:4   | 10115 ||| Stepping ~*~*~tactically~*~*~ (outnumbered).
 10116 | Lair:4   | 10116 ||| Stepping ~*~*~tactically~*~*~ (outnumbered).
 10117 | Lair:4   | 10117 ||| Stepping ~*~*~tactically~*~*~ (outnumbered).
 10118 | Lair:4   | 10118 ||| Stepping ~*~*~tactically~*~*~ (outnumbered).
 10119 | Lair:4   | 10119 ||| Stepping ~*~*~tactically~*~*~ (outnumbered).
 10120 | Lair:4   | 10120 ||| Stepping ~*~*~tactically~*~*~ (outnumbered).
 10121 | Lair:4   | 10121 ||| Stepping ~*~*~tactically~*~*~ (outnumbered).
 10122 | Lair:4   | 10122 ||| Stepping ~*~*~tactically~*~*~ (outnumbered).
 10123 | Lair:4   | 10123 ||| Stepping ~*~*~tactically~*~*~ (outnumbered).
 10124 | Lair:4   | Killed a death yak
 10125 | Lair:4   | Reached XP level 13. HP: 75/123 MP: 13/13
 10129 | Lair:4   | Reached * piety under Okawaru
 10132 | Lair:4   | 10132 ||| FLEEEEING.
 10133 | Lair:4   | 10133 ||| FLEEEEING.
 10134 | Lair:4   | 10134 ||| FLEEEEING.
 10135 | Lair:4   | 10135 ||| STAIRDANCE
 10144 | Lair:3   | 10144 ||| READING scroll labelled MUOKOV GEXOST.
 10194 | Lair:4   | 10194 ||| INVOKING Heroism.
 10195 | Lair:4   | 10195 ||| INVOKING Heroism.
 10245 | Lair:4   | 10245 ||| INVOKING Heroism.
 10246 | Lair:4   | 10246 ||| Stepping ~*~*~tactically~*~*~ (stealth).
 10264 | Lair:4   | 10264 ||| Stepping ~*~*~tactically~*~*~ (outnumbered).
 10265 | Lair:4   | 10265 ||| Stepping ~*~*~tactically~*~*~ (outnumbered).
 10270 | Lair:4   | 10270 ||| INVOKING Heroism.
 10276 | Lair:4   | 10276 ||| Stepping ~*~*~tactically~*~*~ (outnumbered).
 10277 | Lair:4   | 10277 ||| Stepping ~*~*~tactically~*~*~ (outnumbered).
 10278 | Lair:4   | 10278 ||| Stepping ~*~*~tactically~*~*~ (outnumbered).
 10279 | Lair:4   | 10279 ||| Stepping ~*~*~tactically~*~*~ (outnumbered).
 10280 | Lair:4   | 10280 ||| Stepping ~*~*~tactically~*~*~ (outnumbered).
 10281 | Lair:4   | 10281 ||| Stepping ~*~*~tactically~*~*~ (outnumbered).
 10282 | Lair:4   | 10282 ||| INVOKING Heroism.
 10283 | Lair:4   | 10283 ||| Stepping ~*~*~tactically~*~*~ (outnumbered).
 10284 | Lair:4   | 10284 ||| Stepping ~*~*~tactically~*~*~ (outnumbered).
 10290 | Lair:4   | Reached skill level 1 in Invocations
 10294 | Lair:4   | 10294 ||| INVOKING Heroism.
 10721 | Lair:5   | Entered Level 5 of the Lair of Beasts
 10722 | Lair:5   | 10722 ||| INVOKING Heroism.
 10725 | Lair:5   | 10725 ||| STAIRDANCE
 10738 | Lair:5   | Noticed a dire elephant
 10739 | Lair:5   | 10739 ||| STAIRDANCE
 10741 | Lair:4   | 10741 ||| INVOKING Heroism.
 10761 | Lair:5   | 10761 ||| STAIRDANCE
 10763 | Lair:4   | 10763 ||| INVOKING Heroism.
 10767 | Lair:4   | Killed a dire elephant
 10782 | Lair:5   | 10782 ||| STAIRDANCE
 10784 | Lair:4   | 10784 ||| INVOKING Heroism.
 10809 | Lair:5   | 10809 ||| INVOKING Heroism.
 10928 | Lair:5   | 10928 ||| Stepping ~*~*~tactically~*~*~ (stealth).
 10930 | Lair:5   | 10930 ||| INVOKING Heroism.
 10934 | Lair:5   | Reached skill level 3 in Invocations
 10982 | Lair:5   | Reached ** piety under Okawaru
 10996 | Lair:5   | 10996 ||| INVOKING Heroism.
 10997 | Lair:5   | 10997 ||| Stepping ~*~*~tactically~*~*~ (outnumbered).
 10998 | Lair:5   | 10998 ||| Stepping ~*~*~tactically~*~*~ (outnumbered).
 11150 | Lair:5   | Noticed a dire elephant
 11150 | Lair:5   | Noticed a dire elephant
 11212 | Lair:5   | 11212 ||| INVOKING Heroism.
 11216 | Lair:5   | 11216 ||| Stepping ~*~*~tactically~*~*~ (outnumbered).
 11219 | Lair:5   | 11219 ||| Stepping ~*~*~tactically~*~*~ (outnumbered).
 11220 | Lair:5   | 11220 ||| Stepping ~*~*~tactically~*~*~ (outnumbered).
 11221 | Lair:5   | 11221 ||| Stepping ~*~*~tactically~*~*~ (outnumbered).
 11228 | Lair:5   | Reached skill level 17 in Unarmed Combat
 11237 | Lair:5   | 11237 ||| Stepping ~*~*~tactically~*~*~ (hiding).
 11253 | Lair:5   | Reached *** piety under Okawaru
 11261 | Lair:5   | Identified the +8 scimitar of Uncertain Death {spect,
                  | *Corrode rElec rN+}
 11283 | Lair:5   | 11283 ||| Stepping ~*~*~tactically~*~*~ (hiding).
 11284 | Lair:5   | 11284 ||| Stepping ~*~*~tactically~*~*~ (hiding).
 11286 | Lair:5   | 11286 ||| Stepping ~*~*~tactically~*~*~ (hiding).
 11477 | Lair:5   | Found a runed translucent door.
 11477 | Lair:5   | Found a viscous altar of Jiyva.
 11478 | Lair:5   | Noticed an acid blob
 11478 | Lair:5   | Noticed an acid blob
 11480 | Lair:5   | Noticed an acid blob
 11503 | Lair:5   | 11503 ||| INVOKING Heroism.
 11540 | Lair:5   | Found a staircase to the Slime Pits.
 11626 | Lair:5   | 11626 ||| INVOKING Heroism.
 11718 | Lair:5   | 11718 ||| INVOKING Heroism.
 11720 | Lair:5   | 11720 ||| Stepping ~*~*~tactically~*~*~ (stealth).
 11721 | Lair:5   | 11721 ||| Stepping ~*~*~tactically~*~*~ (stealth).
 11730 | Lair:5   | Received a gift from Okawaru
 11732 | Lair:5   | 11732 ||| Stepping ~*~*~tactically~*~*~ (outnumbered).
 11733 | Lair:5   | 11733 ||| Stepping ~*~*~tactically~*~*~ (outnumbered).
 11960 | Lair:5   | 11960 ||| Stepping ~*~*~tactically~*~*~ (outnumbered).
 11986 | Lair:5   | 11986 ||| INVOKING Heroism.
 12028 | Lair:5   | 12028 ||| Stepping ~*~*~tactically~*~*~ (outnumbered).
 12042 | Lair:5   | 12042 ||| Stepping ~*~*~tactically~*~*~ (hiding).
 12045 | Lair:5   | 12045 ||| INVOKING Heroism.
 12098 | Lair:5   | 12098 ||| Stepping ~*~*~tactically~*~*~ (hiding).
 12099 | Lair:5   | 12099 ||| INVOKING Heroism.
 12113 | Lair:5   | Killed a dire elephant
 12113 | Lair:5   | Reached **** piety under Okawaru
 12115 | Lair:5   | Received a gift from Okawaru
 12118 | Lair:5   | Reached XP level 14. HP: 133/133 MP: 14/16
 12143 | Lair:5   | 12143 ||| PLANNING D:1-11
 12143 | Lair:5   | 12143 ||| UPGRADING to +6 ring of dexterity.
 12145 | Lair:5   | 12145 ||| DROPPING ring of willpower.
 12146 | Lair:5   | 12146 ||| READING scroll labelled ICEMIO SAAW.
 12266 | Lair:1   | 12266 ||| Stepping ~*~*~tactically~*~*~ (outnumbered).
 12275 | Lair:1   | 12275 ||| INVOKING Heroism.
 12345 | D:9      | Noticed Joseph
 12356 | D:9      | Killed Joseph
 12402 | D:9      | 12402 ||| Stepping ~*~*~tactically~*~*~ (hiding).
 12426 | D:9      | 12426 ||| Stepping ~*~*~tactically~*~*~ (outnumbered).
 12441 | D:9      | 12441 ||| Stepping ~*~*~tactically~*~*~ (hiding).
 12597 | D:9      | You fall into a shaft and drop 1 floor!
 12597 | D:10     | Was forgiven by Ignis
 12623 | D:10     | 12623 ||| READING scroll labelled ZEEQOKHLANEU.
 12853 | D:9      | 12853 ||| Stepping ~*~*~tactically~*~*~ (hiding).
 12857 | D:9      | 12857 ||| Stepping ~*~*~tactically~*~*~ (hiding).
 13119 | D:10     | 13119 ||| DROPPING amulet of the acrobat.
 13235 | D:11     | 13235 ||| INVOKING Heroism.
 13240 | D:11     | 13240 ||| Stepping ~*~*~tactically~*~*~ (outnumbered).
 13253 | D:11     | 13253 ||| Stepping ~*~*~tactically~*~*~ (outnumbered).
 13254 | D:11     | 13254 ||| Stepping ~*~*~tactically~*~*~ (outnumbered).
 13260 | D:11     | 13260 ||| INVOKING Heroism.
 13263 | D:11     | 13263 ||| Stepping ~*~*~tactically~*~*~ (outnumbered).
 13264 | D:11     | 13264 ||| Stepping ~*~*~tactically~*~*~ (outnumbered).
 13265 | D:11     | 13265 ||| Stepping ~*~*~tactically~*~*~ (outnumbered).
 13266 | D:11     | 13266 ||| Stepping ~*~*~tactically~*~*~ (outnumbered).
 13267 | D:11     | 13267 ||| Stepping ~*~*~tactically~*~*~ (outnumbered).
 13268 | D:11     | 13268 ||| Stepping ~*~*~tactically~*~*~ (outnumbered).
 13269 | D:11     | 13269 ||| Stepping ~*~*~tactically~*~*~ (outnumbered).
 13270 | D:11     | 13270 ||| Stepping ~*~*~tactically~*~*~ (outnumbered).
 13271 | D:11     | 13271 ||| Stepping ~*~*~tactically~*~*~ (outnumbered).
 13271 | D:11     | Found a staircase to the Orcish Mines.
 13272 | D:11     | 13272 ||| Stepping ~*~*~tactically~*~*~ (outnumbered).
 13273 | D:11     | 13273 ||| Stepping ~*~*~tactically~*~*~ (outnumbered).
 13274 | D:11     | 13274 ||| Stepping ~*~*~tactically~*~*~ (outnumbered).
 13278 | D:11     | 13278 ||| Stepping ~*~*~tactically~*~*~ (outnumbered).
 13279 | D:11     | 13279 ||| Stepping ~*~*~tactically~*~*~ (outnumbered).
 13280 | D:11     | 13280 ||| Stepping ~*~*~tactically~*~*~ (outnumbered).
 13281 | D:11     | 13281 ||| Stepping ~*~*~tactically~*~*~ (outnumbered).
 13442 | D:11     | 13442 ||| Stepping ~*~*~tactically~*~*~ (stealth).
 13573 | D:11     | 13573 ||| INVOKING Heroism.
 13578 | D:11     | Reached skill level 3 in Dodging
 13622 | D:11     | 13622 ||| Stepping ~*~*~tactically~*~*~ (stealth).
 13624 | D:11     | 13624 ||| INVOKING Heroism.
 13823 | D:11     | 13823 ||| PLANNING D
 13873 | D:12     | Noticed Azrael
 13874 | D:12     | 13874 ||| INVOKING Heroism.
 13879 | D:12     | Killed Azrael
 13969 | D:12     | Received a gift from Okawaru
 14004 | D:12     | 14004 ||| Stepping ~*~*~tactically~*~*~ (hiding).
 14011 | D:12     | Reached skill level 6 in Invocations
 14034 | D:12     | 14034 ||| INVOKING Heroism.
 14060 | D:12     | 14060 ||| Stepping ~*~*~tactically~*~*~ (stealth).
 14127 | D:12     | 14127 ||| Stepping ~*~*~tactically~*~*~ (stealth).
 14129 | D:12     | 14129 ||| Stepping ~*~*~tactically~*~*~ (stealth).
 14131 | D:12     | 14131 ||| INVOKING Heroism.
 14136 | D:12     | 14136 ||| READING 2 scrolls of teleportation.
 14161 | D:12     | Noticed Nessos
 14162 | D:12     | 14162 ||| Stepping ~*~*~tactically~*~*~ (hiding).
 14167 | D:12     | 14167 ||| Stepping ~*~*~tactically~*~*~ (hiding).
 14169 | D:12     | 14169 ||| INVOKING Heroism.
 14172 | D:12     | 14172 ||| Stepping ~*~*~tactically~*~*~ (hiding).
 14179 | D:12     | Killed Nessos
 14291 | D:12     | 14291 ||| INVOKING Heroism.
 14297 | D:12     | 14297 ||| Stepping ~*~*~tactically~*~*~ (outnumbered).
 14302 | D:12     | 14302 ||| Stepping ~*~*~tactically~*~*~ (outnumbered).
 14305 | D:12     | 14305 ||| READING scroll of teleportation.
 14308 | D:12     | 14308 ||| Stepping ~*~*~tactically~*~*~ (outnumbered).
 14349 | D:12     | 14349 ||| Stepping ~*~*~tactically~*~*~ (outnumbered).
 14350 | D:12     | 14350 ||| Stepping ~*~*~tactically~*~*~ (outnumbered).
 14354 | D:12     | 14354 ||| Stepping ~*~*~tactically~*~*~ (outnumbered).
 14550 | D:12     | Found Tuzuis's Serpentskin Sales.
 14551 | D:12     | 14551 ||| INVOKING Heroism.
 14769 | D:12     | 14769 ||| DROPPING amulet of guardian spirit.
 14770 | D:12     | 14770 ||| UPGRADING to ring of poison resistance.
 14809 | D:13     | 14809 ||| Stepping ~*~*~tactically~*~*~ (hiding).
 14810 | D:13     | 14810 ||| Stepping ~*~*~tactically~*~*~ (hiding).
 14812 | D:13     | 14812 ||| Stepping ~*~*~tactically~*~*~ (hiding).
 14831 | D:13     | 14831 ||| INVOKING Heroism.
 14833 | D:13     | Received a gift from Okawaru
 14838 | D:13     | 14838 ||| Stepping ~*~*~tactically~*~*~ (outnumbered).
 14839 | D:13     | 14839 ||| Stepping ~*~*~tactically~*~*~ (outnumbered).
 14840 | D:13     | 14840 ||| Stepping ~*~*~tactically~*~*~ (outnumbered).
 14841 | D:13     | 14841 ||| Stepping ~*~*~tactically~*~*~ (outnumbered).
 14842 | D:13     | 14842 ||| Stepping ~*~*~tactically~*~*~ (outnumbered).
 14843 | D:13     | 14843 ||| Stepping ~*~*~tactically~*~*~ (outnumbered).
 14844 | D:13     | 14844 ||| Stepping ~*~*~tactically~*~*~ (outnumbered).
 14845 | D:13     | 14845 ||| Stepping ~*~*~tactically~*~*~ (outnumbered).
 14846 | D:13     | 14846 ||| Stepping ~*~*~tactically~*~*~ (outnumbered).
 14847 | D:13     | 14847 ||| Stepping ~*~*~tactically~*~*~ (outnumbered).
 14848 | D:13     | 14848 ||| Stepping ~*~*~tactically~*~*~ (outnumbered).
 14849 | D:13     | 14849 ||| Stepping ~*~*~tactically~*~*~ (outnumbered).
 14910 | D:13     | 14910 ||| FLEEEEING.
 14911 | D:13     | 14911 ||| FLEEEEING.
 14918 | D:13     | 14918 ||| FLEEEEING.
 14919 | D:13     | 14919 ||| STAIRDANCE
 14934 | D:13     | Reached ***** piety under Okawaru
 15011 | D:13     | 15011 ||| INVOKING Heroism.
 15012 | D:13     | 15012 ||| INVOKING Finesse.
 15071 | D:13     | 15071 ||| Stepping ~*~*~tactically~*~*~ (hiding).
 15077 | D:13     | Received a gift from Okawaru
 15088 | D:13     | 15088 ||| Stepping ~*~*~tactically~*~*~ (hiding).
 15109 | D:13     | 15109 ||| INVOKING Heroism.
 15118 | D:13     | 15118 ||| Stepping ~*~*~tactically~*~*~ (outnumbered).
 15119 | D:13     | 15119 ||| Stepping ~*~*~tactically~*~*~ (outnumbered).
 15123 | D:13     | 15123 ||| Stepping ~*~*~tactically~*~*~ (outnumbered).
 15124 | D:13     | 15124 ||| Stepping ~*~*~tactically~*~*~ (outnumbered).
 15125 | D:13     | 15125 ||| Stepping ~*~*~tactically~*~*~ (outnumbered).
 15128 | D:13     | 15128 ||| Stepping ~*~*~tactically~*~*~ (outnumbered).
 15132 | D:13     | Reached skill level 6 in Throwing
 15283 | D:13     | 15283 ||| Stepping ~*~*~tactically~*~*~ (stealth).
 15287 | D:13     | 15287 ||| Stepping ~*~*~tactically~*~*~ (hiding).
 15290 | D:13     | 15290 ||| Stepping ~*~*~tactically~*~*~ (hiding).
 15296 | D:13     | 15296 ||| FLEEEEING.
 15298 | D:13     | 15298 ||| FLEEEEING.
 15300 | D:13     | 15300 ||| FLEEEEING.
 15312 | D:13     | 15312 ||| FLEEEEING.
 15313 | D:13     | 15313 ||| FLEEEEING.
 15314 | D:13     | 15314 ||| Stepping ~*~*~tactically~*~*~ (hiding).
 15324 | D:13     | 15324 ||| DRINKING 2 potions of cancellation.
 15325 | D:13     | 15325 ||| Stepping ~*~*~tactically~*~*~ (hiding).
 15327 | D:13     | 15327 ||| Stepping ~*~*~tactically~*~*~ (hiding).
 15357 | D:13     | 15357 ||| INVOKING Heroism.
 15392 | D:13     | 15392 ||| Stepping ~*~*~tactically~*~*~ (stealth).
 15421 | D:13     | 15421 ||| Stepping ~*~*~tactically~*~*~ (stealth).
 15426 | D:13     | 15426 ||| INVOKING Heroism.
 15427 | D:13     | 15427 ||| Stepping ~*~*~tactically~*~*~ (outnumbered).
 15453 | D:13     | 15453 ||| Stepping ~*~*~tactically~*~*~ (hiding).
 15454 | D:13     | 15454 ||| INVOKING Finesse.
 15560 | D:13     | Found a gate to the Vaults.
 15898 | D:13     | 15898 ||| READING 2 scrolls labelled DUHIN IQEMIPE.
 15899 | D:13     | 15899 ||| DROPPING scroll of poison.
 15912 | D:14     | Received a gift from Okawaru
 15932 | D:14     | Found Vattampu's Book Boutique.
 16033 | D:14     | 16033 ||| INVOKING Heroism.
 16039 | D:14     | 16039 ||| Stepping ~*~*~tactically~*~*~ (outnumbered).
 16040 | D:14     | 16040 ||| Stepping ~*~*~tactically~*~*~ (outnumbered).
 16041 | D:14     | 16041 ||| READING 2 scrolls of teleportation.
 16042 | D:14     | 16042 ||| Stepping ~*~*~tactically~*~*~ (outnumbered).
 16043 | D:14     | 16043 ||| Stepping ~*~*~tactically~*~*~ (outnumbered).
 16044 | D:14     | 16044 ||| Stepping ~*~*~tactically~*~*~ (outnumbered).
 16137 | D:14     | 16137 ||| FLEEEEING.
 16141 | D:14     | Received a gift from Okawaru
 16258 | D:14     | Found a frozen archway.
 16383 | D:14     | 16383 ||| Stepping ~*~*~tactically~*~*~ (stealth).
 16385 | D:14     | 16385 ||| Stepping ~*~*~tactically~*~*~ (stealth).
 16389 | D:14     | 16389 ||| INVOKING Heroism.
 16394 | D:14     | 16394 ||| Stepping ~*~*~tactically~*~*~ (outnumbered).
 16398 | D:14     | 16398 ||| READING scroll of teleportation.
 16401 | D:14     | 16401 ||| Stepping ~*~*~tactically~*~*~ (outnumbered).
 16446 | D:14     | 16446 ||| INVOKING Heroism.
 16560 | D:14     | 16560 ||| Stepping ~*~*~tactically~*~*~ (outnumbered).
 16561 | D:14     | 16561 ||| Stepping ~*~*~tactically~*~*~ (outnumbered).
 16563 | D:14     | 16563 ||| Stepping ~*~*~tactically~*~*~ (outnumbered).
 16564 | D:14     | 16564 ||| Stepping ~*~*~tactically~*~*~ (outnumbered).
 16565 | D:14     | 16565 ||| Stepping ~*~*~tactically~*~*~ (outnumbered).
 16566 | D:14     | 16566 ||| Stepping ~*~*~tactically~*~*~ (outnumbered).
 16567 | D:14     | 16567 ||| Stepping ~*~*~tactically~*~*~ (outnumbered).
 16574 | D:14     | Reached skill level 18 in Unarmed Combat
 16574 | D:14     | Reached XP level 15. HP: 137/140 MP: 20/20
 16623 | D:14     | 16623 ||| Stepping ~*~*~tactically~*~*~ (hiding).
 16624 | D:14     | 16624 ||| Stepping ~*~*~tactically~*~*~ (hiding).
 16637 | D:14     | 16637 ||| Stepping ~*~*~tactically~*~*~ (stealth).
 16640 | D:14     | 16640 ||| Stepping ~*~*~tactically~*~*~ (hiding).
 16641 | D:14     | 16641 ||| Stepping ~*~*~tactically~*~*~ (hiding).
 16651 | D:14     | 16651 ||| Stepping ~*~*~tactically~*~*~ (stealth).
 16654 | D:14     | 16654 ||| Stepping ~*~*~tactically~*~*~ (hiding).
 16655 | D:14     | 16655 ||| Stepping ~*~*~tactically~*~*~ (hiding).
 16818 | D:14     | 16818 ||| Stepping ~*~*~tactically~*~*~ (cloud).
 16822 | D:14     | Reached skill level 9 in Invocations
 16847 | D:14     | 16847 ||| Stepping ~*~*~tactically~*~*~ (hiding).
 16848 | D:14     | 16848 ||| Stepping ~*~*~tactically~*~*~ (hiding).
 16977 | D:14     | 16977 ||| DROPPING scarf of invisibility.
 16997 | D:15     | Entered Level 15 of the Dungeon
 17086 | D:15     | Found a broken altar of Ashenzari.
 17091 | D:15     | 17091 ||| Stepping ~*~*~tactically~*~*~ (hiding).
 17092 | D:15     | 17092 ||| Stepping ~*~*~tactically~*~*~ (hiding).
 17093 | D:15     | 17093 ||| Stepping ~*~*~tactically~*~*~ (hiding).
 17154 | D:15     | 17154 ||| Stepping randomly (cloudy).
 17155 | D:15     | 17155 ||| Stepping ~*~*~tactically~*~*~ (cloud).
 17158 | D:15     | 17158 ||| Stepping ~*~*~tactically~*~*~ (cloud).
 17235 | D:15     | 17235 ||| Stepping ~*~*~tactically~*~*~ (stealth).
 17236 | D:15     | 17236 ||| Stepping ~*~*~tactically~*~*~ (stealth).
 17237 | D:15     | 17237 ||| INVOKING Heroism.
 17387 | D:15     | 17387 ||| INVOKING Heroism.
 17388 | D:15     | 17388 ||| INVOKING Finesse.
 17426 | D:15     | 17426 ||| Stepping ~*~*~tactically~*~*~ (hiding).
 17596 | D:15     | 17596 ||| INVOKING Heroism.
 17647 | D:15     | 17647 ||| INVOKING Heroism.
 17648 | D:15     | 17648 ||| Stepping ~*~*~tactically~*~*~ (outnumbered).
 17656 | D:15     | 17656 ||| Stepping ~*~*~tactically~*~*~ (outnumbered).
 17667 | D:15     | Reached skill level 12 in Shields
 17683 | D:15     | Found a staircase to the Depths.
 17722 | D:15     | 17722 ||| Stepping ~*~*~tactically~*~*~ (stealth).
 17775 | D:15     | 17775 ||| PLANNING ORC
 17775 | D:15     | 17775 ||| READING scroll labelled BOGOIL NOGECOBB.
 17884 | Orc:1    | Entered Level 1 of the Orcish Mines
 17885 | Orc:1    | 17885 ||| INVOKING Heroism.
 17886 | Orc:1    | 17886 ||| INVOKING Finesse.
 17939 | Orc:1    | Found Suneuxko's Weapon Boutique.
 18025 | Orc:1    | 18025 ||| Stepping ~*~*~tactically~*~*~ (hiding).
 18026 | Orc:1    | 18026 ||| Stepping ~*~*~tactically~*~*~ (hiding).
 18030 | Orc:1    | 18030 ||| Stepping ~*~*~tactically~*~*~ (hiding).
 18049 | Orc:1    | 18049 ||| Stepping ~*~*~tactically~*~*~ (stealth).
 18052 | Orc:1    | 18052 ||| Stepping ~*~*~tactically~*~*~ (stealth).
 18054 | Orc:1    | 18054 ||| Stepping ~*~*~tactically~*~*~ (hiding).
 18055 | Orc:1    | 18055 ||| INVOKING Heroism.
 18068 | Orc:1    | 18068 ||| Stepping ~*~*~tactically~*~*~ (stealth).
 18070 | Orc:1    | 18070 ||| Stepping ~*~*~tactically~*~*~ (hiding).
 18192 | Orc:1    | 18192 ||| Stepping ~*~*~tactically~*~*~ (hiding).
 18200 | Orc:1    | 18200 ||| Stepping ~*~*~tactically~*~*~ (hiding).
 18389 | Orc:1    | Found Fegeqodo's CLEARANCE SALE!.
 18417 | Orc:2    | Entered Level 2 of the Orcish Mines
 18418 | Orc:2    | 18418 ||| INVOKING Heroism.
 18423 | Orc:2    | 18423 ||| Stepping ~*~*~tactically~*~*~ (outnumbered).
 18424 | Orc:2    | 18424 ||| STAIRDANCE
 18433 | Orc:2    | 18433 ||| STAIRDANCE
 18435 | Orc:1    | 18435 ||| Stepping ~*~*~tactically~*~*~ (outnumbered).
 18436 | Orc:1    | 18436 ||| Stepping ~*~*~tactically~*~*~ (outnumbered).
 18437 | Orc:1    | 18437 ||| Stepping ~*~*~tactically~*~*~ (outnumbered).
 18440 | Orc:1    | 18440 ||| Stepping ~*~*~tactically~*~*~ (outnumbered).
 18452 | Orc:2    | 18452 ||| STAIRDANCE
 18454 | Orc:1    | 18454 ||| Stepping ~*~*~tactically~*~*~ (outnumbered).
 18455 | Orc:1    | 18455 ||| Stepping ~*~*~tactically~*~*~ (outnumbered).
 18458 | Orc:1    | 18458 ||| Stepping ~*~*~tactically~*~*~ (outnumbered).
 18459 | Orc:1    | 18459 ||| Stepping ~*~*~tactically~*~*~ (outnumbered).
 18468 | Orc:2    | 18468 ||| STAIRDANCE
 18478 | Orc:2    | 18478 ||| STAIRDANCE
 18484 | Orc:2    | 18484 ||| STAIRDANCE
 18493 | Orc:2    | 18493 ||| STAIRDANCE
 18500 | Orc:2    | 18500 ||| STAIRDANCE
 18505 | Orc:2    | 18505 ||| STAIRDANCE
 18507 | Orc:1    | Received a gift from Okawaru
 18511 | Orc:1    | 18511 ||| UPGRADING to +0 kite shield of cold resistance.
 18521 | Orc:1    | 18521 ||| DROPPING +0 kite shield.
 18524 | Orc:2    | 18524 ||| STAIRDANCE
 18526 | Orc:1    | 18526 ||| Stepping ~*~*~tactically~*~*~ (outnumbered).
 18536 | Orc:2    | 18536 ||| STAIRDANCE
 18543 | Orc:2    | 18543 ||| STAIRDANCE
 18545 | Orc:1    | 18545 ||| INVOKING Heroism.
 18561 | Orc:2    | 18561 ||| STAIRDANCE
 18632 | Orc:2    | 18632 ||| Stepping ~*~*~tactically~*~*~ (stealth).
 18633 | Orc:2    | 18633 ||| INVOKING Heroism.
 18634 | Orc:2    | 18634 ||| Stepping ~*~*~tactically~*~*~ (stealth).
 18707 | Orc:2    | 18707 ||| Stepping ~*~*~tactically~*~*~ (stealth).
 18809 | Orc:2    | Found Pofumm's Armour Shoppe.
 18810 | Orc:2    | 18810 ||| INVOKING Heroism.
 18813 | Orc:2    | 18813 ||| Stepping ~*~*~tactically~*~*~ (outnumbered).
 18814 | Orc:2    | 18814 ||| Stepping ~*~*~tactically~*~*~ (outnumbered).
 18824 | Orc:2    | 18824 ||| Stepping ~*~*~tactically~*~*~ (outnumbered).
 18830 | Orc:2    | 18830 ||| Stepping ~*~*~tactically~*~*~ (outnumbered).
 18840 | Orc:2    | 18840 ||| Stepping ~*~*~tactically~*~*~ (outnumbered).
 18846 | Orc:2    | 18846 ||| Stepping ~*~*~tactically~*~*~ (outnumbered).
 18850 | Orc:2    | 18850 ||| Stepping ~*~*~tactically~*~*~ (outnumbered).
 18854 | Orc:2    | 18854 ||| Stepping ~*~*~tactically~*~*~ (outnumbered).
 18856 | Orc:2    | 18856 ||| Stepping ~*~*~tactically~*~*~ (outnumbered).
 18858 | Orc:2    | 18858 ||| INVOKING Heroism.
 18859 | Orc:2    | 18859 ||| Stepping ~*~*~tactically~*~*~ (outnumbered).
 18861 | Orc:2    | 18861 ||| Stepping ~*~*~tactically~*~*~ (outnumbered).
 18864 | Orc:2    | 18864 ||| Stepping ~*~*~tactically~*~*~ (outnumbered).
 18866 | Orc:2    | 18866 ||| Stepping ~*~*~tactically~*~*~ (outnumbered).
 18870 | Orc:2    | 18870 ||| Stepping ~*~*~tactically~*~*~ (outnumbered).
 18876 | Orc:2    | HP: 33/143 [sixfirhy[an orc high priest] (9)]
 18877 | Orc:2    | 18877 ||| READING scroll of teleportation.
 18878 | Orc:2    | 18878 ||| DRINKING 2 potions of heal wounds.
 18879 | Orc:2    | 18879 ||| Stepping ~*~*~tactically~*~*~ (outnumbered).
 18880 | Orc:2    | 18880 ||| Stepping ~*~*~tactically~*~*~ (outnumbered).
 18921 | Orc:2    | Found a staircase to the Elven Halls.
 18928 | Orc:2    | 18928 ||| INVOKING Heroism.
 18975 | Orc:2    | 18975 ||| Stepping ~*~*~tactically~*~*~ (outnumbered).
 18976 | Orc:2    | 18976 ||| Stepping ~*~*~tactically~*~*~ (outnumbered).
 18977 | Orc:2    | 18977 ||| Stepping ~*~*~tactically~*~*~ (outnumbered).
 18978 | Orc:2    | 18978 ||| Stepping ~*~*~tactically~*~*~ (outnumbered).
 18979 | Orc:2    | 18979 ||| Stepping ~*~*~tactically~*~*~ (outnumbered).
 18980 | Orc:2    | 18980 ||| Stepping ~*~*~tactically~*~*~ (outnumbered).
 18981 | Orc:2    | 18981 ||| Stepping ~*~*~tactically~*~*~ (outnumbered).
 18982 | Orc:2    | 18982 ||| Stepping ~*~*~tactically~*~*~ (outnumbered).
 18983 | Orc:2    | 18983 ||| Stepping ~*~*~tactically~*~*~ (outnumbered).
 18984 | Orc:2    | 18984 ||| Stepping ~*~*~tactically~*~*~ (outnumbered).
 18985 | Orc:2    | 18985 ||| Stepping ~*~*~tactically~*~*~ (outnumbered).
 19065 | Orc:2    | 19065 ||| Stepping ~*~*~tactically~*~*~ (hiding).
 19069 | Orc:2    | 19069 ||| INVOKING Heroism.
 19073 | Orc:2    | 19073 ||| Stepping ~*~*~tactically~*~*~ (outnumbered).
 19093 | Orc:2    | Found Woing's Magic Scroll Boutique.
 19107 | Orc:2    | 19107 ||| BUYING scroll of teleportation (30 gold).
 19107 | Orc:2    | Bought a scroll of teleportation for 30 gold pieces
 19107 | Orc:2    | 19107 ||| BUYING scroll of teleportation (30 gold).
 19107 | Orc:2    | Bought a scroll of teleportation for 30 gold pieces
 19143 | Orc:2    | Found Baqy's Armour Shoppe.
 19144 | Orc:2    | 19144 ||| INVOKING Heroism.
 19145 | Orc:2    | Found Dagui's Magic Scroll Boutique.
 19148 | Orc:2    | 19148 ||| Stepping ~*~*~tactically~*~*~ (outnumbered).
 19149 | Orc:2    | 19149 ||| Stepping ~*~*~tactically~*~*~ (outnumbered).
 19157 | Orc:2    | 19157 ||| Stepping ~*~*~tactically~*~*~ (outnumbered).
 19161 | Orc:2    | 19161 ||| Stepping ~*~*~tactically~*~*~ (outnumbered).
 19162 | Orc:2    | 19162 ||| Stepping ~*~*~tactically~*~*~ (outnumbered).
 19166 | Orc:2    | 19166 ||| Stepping ~*~*~tactically~*~*~ (outnumbered).
 19203 | Orc:2    | 19203 ||| BUYING scroll of enchant armour (97 gold).
 19203 | Orc:2    | Bought a scroll of enchant armour for 97 gold pieces
 19203 | Orc:2    | 19203 ||| BUYING scroll of enchant weapon (97 gold).
 19203 | Orc:2    | Bought a scroll of enchant weapon for 97 gold pieces
 19348 | Orc:2    | 19348 ||| FLEEEEING.
 19366 | Orc:2    | 19366 ||| PLANNING SWAMP:1-3
 19386 | Orc:2    | 19386 ||| Stepping ~*~*~tactically~*~*~ (stealth).
 19388 | Orc:2    | 19388 ||| Stepping ~*~*~tactically~*~*~ (stealth).
 19389 | Orc:2    | 19389 ||| INVOKING Heroism.
 19608 | Swamp:1  | Entered Level 1 of the Swamp
 19627 | Swamp:1  | 19627 ||| INVOKING Heroism.
 19630 | Swamp:1  | 19630 ||| Stepping ~*~*~tactically~*~*~ (hiding).
 19633 | Swamp:1  | 19633 ||| Stepping ~*~*~tactically~*~*~ (hiding).
 19707 | Swamp:1  | 19707 ||| INVOKING Heroism.
 19719 | Swamp:1  | Reached skill level 19 in Unarmed Combat
 19876 | Swamp:1  | 19876 ||| Stepping ~*~*~tactically~*~*~ (hiding).
 19877 | Swamp:1  | 19877 ||| Stepping ~*~*~tactically~*~*~ (hiding).
 19878 | Swamp:1  | 19878 ||| Stepping ~*~*~tactically~*~*~ (hiding).
 19887 | Swamp:1  | Noticed a thorn hunter
 19888 | Swamp:1  | 19888 ||| INVOKING Heroism.
 19889 | Swamp:1  | 19889 ||| INVOKING Finesse.
 19903 | Swamp:1  | Killed a thorn hunter
 19917 | Swamp:1  | 19917 ||| INVOKING Heroism.
 20275 | Swamp:1  | 20275 ||| READING scroll labelled TUAGITU NUFFYS.
 20300 | Swamp:2  | 20300 ||| INVOKING Heroism.
 20301 | Swamp:2  | 20301 ||| STAIRDANCE
 20314 | Swamp:2  | 20314 ||| STAIRDANCE
 20319 | Swamp:1  | Reached XP level 16. HP: 139/153 MP: 22/22
 20326 | Swamp:2  | 20326 ||| STAIRDANCE
 20342 | Swamp:2  | Noticed Frances
 20343 | Swamp:2  | 20343 ||| INVOKING Finesse.
 20344 | Swamp:2  | Received a gift from Okawaru
 20345 | Swamp:2  | Reached skill level 9 in Fighting
 20355 | Swamp:2  | HP: 34/156 [Frances/+1 war axe of flaming (9)]
 20356 | Swamp:2  | 20356 ||| READING 3 scrolls of teleportation.
 20357 | Swamp:2  | 20357 ||| DRINKING potion of heal wounds.
 20359 | Swamp:2  | Killed Frances
 20375 | Swamp:2  | 20375 ||| FLEEEEING.
 20376 | Swamp:2  | 20376 ||| FLEEEEING.
 20384 | Swamp:2  | 20384 ||| INVOKING Heroism.
 20410 | Swamp:2  | 20410 ||| Stepping ~*~*~tactically~*~*~ (stealth).
 20414 | Swamp:2  | 20414 ||| INVOKING Heroism.
 20474 | Swamp:2  | 20474 ||| FLEEEEING.
 20475 | Swamp:2  | 20475 ||| FLEEEEING.
 20476 | Swamp:2  | 20476 ||| FLEEEEING.
 20477 | Swamp:2  | 20477 ||| FLEEEEING.
 20478 | Swamp:2  | 20478 ||| FLEEEEING.
 20483 | Swamp:2  | 20483 ||| INVOKING Heroism.
 20505 | Swamp:2  | 20505 ||| INVOKING Finesse.
 20513 | Swamp:2  | Received a gift from Okawaru
 20570 | Swamp:2  | Noticed Nikola
 20571 | Swamp:2  | 20571 ||| INVOKING Heroism.
 20572 | Swamp:2  | 20572 ||| INVOKING Finesse.
 20585 | Swamp:2  | Killed Nikola
 20588 | Swamp:2  | 20588 ||| Stepping ~*~*~tactically~*~*~ (hiding).
 20591 | Swamp:2  | 20591 ||| Stepping ~*~*~tactically~*~*~ (hiding).
 20591 | Swamp:2  | Noticed Jorgrun
 20595 | Swamp:2  | Killed Jorgrun
 20628 | Swamp:2  | 20628 ||| Stepping ~*~*~tactically~*~*~ (stealth).
 20629 | Swamp:2  | 20629 ||| Stepping ~*~*~tactically~*~*~ (stealth).
 20630 | Swamp:2  | 20630 ||| Stepping ~*~*~tactically~*~*~ (stealth).
 20633 | Swamp:2  | 20633 ||| INVOKING Heroism.
 20782 | Swamp:2  | 20782 ||| Stepping ~*~*~tactically~*~*~ (stealth).
 20783 | Swamp:2  | 20783 ||| Stepping ~*~*~tactically~*~*~ (stealth).
 20784 | Swamp:2  | 20784 ||| Stepping ~*~*~tactically~*~*~ (stealth).
 21041 | Swamp:2  | 21041 ||| UPGRADING to +2 cloak of preservation.
 21046 | Swamp:2  | 21046 ||| UPGRADING to scarf of resistance.
 21072 | Swamp:3  | 21072 ||| INVOKING Heroism.
 21084 | Swamp:3  | Received a gift from Okawaru
 21092 | Swamp:3  | 21092 ||| Stepping ~*~*~tactically~*~*~ (outnumbered).
 21099 | Swamp:3  | 21099 ||| Stepping ~*~*~tactically~*~*~ (outnumbered).
 21101 | Swamp:3  | 21101 ||| Stepping ~*~*~tactically~*~*~ (outnumbered).
 21102 | Swamp:3  | 21102 ||| Stepping ~*~*~tactically~*~*~ (outnumbered).
 21102 | Swamp:3  | HP: 36/154 [eleionoma (11)]
 21104 | Swamp:3  | 21104 ||| READING 2 scrolls of teleportation.
 21105 | Swamp:3  | HP: 16/154 [eleionoma (4)]
 21107 | Swamp:3  | HP: 4/154 [spriggan rider/+0 spear (6)]
 21108 | Swamp:3  | Slain by a spriggan rider

Levels and vault maps discovered:
D:1:      sevenhm_arrival_forest_fort_small_3, layout_basic
D:2:      layout_basic, shapermc_ecumenical_altar_mp_ritualfount,
          minmay_strange_pillars, chequers_serial_rivers_room_a
D:3:      layout_loops_ring, mainiacjoe_overflow_brackets,
          gammafunk_ghost_necromancy, kennysheep_generic_room_6
D:4:      layout_loops_cross
D:5:      layout_cave_pools, mainiacjoe_overflow_surrounded_room,
          jmf_multi_god_temple2, nicolae_ru_awakened_eye, kennysheep_diamond
D:6:      layout_loops_ring, minmay_temple_entry_drinking_statues,
          serial_rivers, chequers_serial_rivers_large_b,
          chequers_serial_rivers_marsh, chequers_serial_rivers_small_3,
          chequers_serial_rivers_room_b, chequers_serial_rivers_micro_d,
          minmay_pentangle, uniq_prince_ribbit1, uniq_pikel
D:7:      layout_basic, general_overflow_altar, fedhas_altar_fruit_tree,
          kennysheep_mini_moat, enter_bailey_5, supply_closet_lemuel,
          reono_crystal_passage, amethyst_killhole
D:8:      minmay_flawed_box, layout_cave_pods, mainiacjoe_overflow_24_doors,
          grunt_lair_entry_orc_guard_hut
D:9:      layout_roguey, uniq_joseph
D:10:     layout_rooms, minmay_circle_x
D:11:     layout_long_grid, erik_orc_4, minmay_holes, blue_anna_alchemist
D:12:     layout_gridville, guppyfry_shop_venom, uniq_nessos, uniq_azrael
D:13:     layout_irregular_city, david_vaults_5, wad_rectangle_vault
D:14:     layout_grid_maze, minmay_misc_feat_diagonals,
          portal_ice_cave_entry_pillars_2, serial_shops, shop
D:15:     grunt_enter_depths_magical_seal, layout_rooms,
          hangedman_decor_slide_cut, evilmike_ruin_ashenzari
Lair:1:   layout_regular_city, lemuel_fruit_fields
Lair:2:   layout_chaotic_city, hellmonk_guarded_unrand_vines,
          infiniplex_staircase_pool
Lair:3:   layout_long_grid, palyth_hydra_swamp_entry,
          nicolae_spider_entry_non_spiders, hibernation_bobbens
Lair:4:   layout_misc_corridors, cheibrodos_lair_lostbears
Lair:5:   due_jungle_book, layout_loops_ring, slime_entry_2
Swamp:1:  layout_falls_marsh, evilmike_swamp_ruin_house_6
Swamp:2:  layout_basic_swamp, evilmike_swamp_ruin_rubble_1, swamp_pool1,
          uniq_nikola, uniq_jorgrun, uniq_frances
Swamp:3:  layout_basic_swamp, evilmike_swamp_ruin_house_4
Orc:1:    layout_diamond_mine, serial_shops, shop, nicolae_shop_clearance
Orc:2:    st_orc_town, layout_caves

Skill      XL: |  1  2  3  4  5  6  7  8  9 10 11 12 13 14 15 16 |
---------------+-------------------------------------------------+-----
Unarmed Combat | 4 5 6 7 10 12 13 14 16 17 18 19 | 19.6
Armour         | 1 2 3 4 5 |  5.0
Fighting       | 3 4 5 6 7 8 9 |  9.0
Throwing       | 1 2 3 4 7 8 |  8.0
Dodging        | 1 3 |  3.0
Shields        | 7 10 11 12 | 12.7
Invocations    | 4 8 10 | 10.0
Spellcasting   | |  1.0
Fire Magic     | |  2.1

Action                   |  1- 3 |  4- 6 |  7- 9 | 10-12 | 13-15 | 16-18 || total
-------------------------+-------+-------+-------+-------+-------+-------++-------
Melee: Unarmed           |    36 |   137 |   166 |   505 |  1180 |   122 ||  2146
       Punch             |       |     5 |     6 |     1 |       |       ||    12
Throw: Boomerang         |       |    28 |    61 |   124 |    80 |       ||   293
       Large rock        |       |       |       |       |    73 |    12 ||    85
       Javelin           |       |       |       |       |     4 |       ||     4
Invok: Fiery Armour      |       |     2 |       |    11 |       |       ||    13
       Heroism           |       |       |       |       |    58 |     6 ||    64
       Finesse           |       |       |       |       |     5 |     3 ||     8
  Use: Scroll            |     4 |     4 |     7 |     2 |    11 |     2 ||    30
       Potion            |     2 |     3 |     1 |     1 |     2 |     1 ||    10
Armor: Robe              |     9 |    30 |       |       |       |       ||    39
       Pearl dragon scal |       |    15 |   114 |   268 |   484 |    66 ||   947
Dodge: Dodged            |    17 |    51 |    52 |   135 |   276 |    46 ||   577
Block: Kite shield       |       |       |       |   164 |   470 |    79 ||   713

Table legend:
 A = Non-vault XP
 B = Vault XP
 C = Vault XP percentage of total XP
 D = Non-vault monster count
 E = Vault monster count
 F = Vault count percentage of total count
                 A         B        C        D         E       F
            +---------+---------+-------+---------+---------+-------
      Total |  124360 |   52313 |  29.6 |     500 |     196 |  28.2
            +---------+---------+-------+---------+---------+-------
        D:1 |      10 |       0 |   0.0 |       6 |       0 |   0.0
        D:2 |      28 |       0 |   0.0 |      10 |       0 |   0.0
        D:3 |     193 |       5 |   2.5 |      35 |       2 |   5.4
        D:4 |     253 |       0 |   0.0 |      19 |       0 |   0.0
        D:5 |     387 |     122 |  24.0 |      18 |       2 |  10.0
        D:6 |     998 |    1424 |  58.8 |      12 |      12 |  50.0
        D:7 |    1326 |       8 |   0.6 |      17 |       4 |  19.0
        D:8 |    1181 |     965 |  45.0 |      14 |      13 |  48.1
        D:9 |    1527 |     439 |  22.3 |      18 |       1 |   5.3
       D:10 |    3324 |     766 |  18.7 |      14 |       5 |  26.3
       D:11 |    4236 |     650 |  13.3 |      16 |      18 |  52.9
       D:12 |    4747 |    3345 |  41.3 |      18 |      12 |  40.0
       D:13 |    6958 |    9787 |  58.4 |      17 |      17 |  50.0
       D:14 |   10561 |       0 |   0.0 |      24 |       0 |   0.0
       D:15 |   14677 |    3884 |  20.9 |      24 |       9 |  27.3
     Lair:1 |    6147 |       0 |   0.0 |      27 |       0 |   0.0
     Lair:2 |    7322 |    2295 |  23.9 |      29 |       3 |   9.4
     Lair:3 |    3504 |    3552 |  50.3 |      12 |      16 |  57.1
     Lair:4 |    9800 |    1197 |  10.9 |      31 |       4 |  11.4
     Lair:5 |    9806 |   10995 |  52.9 |      24 |      24 |  50.0
    Swamp:1 |   13453 |       0 |   0.0 |      26 |       0 |   0.0
    Swamp:2 |   15242 |    5342 |  26.0 |      27 |       3 |  10.0
    Swamp:3 |    2511 |       0 |   0.0 |       6 |       0 |   0.0
      Orc:1 |    4925 |    1969 |  28.6 |      34 |      19 |  35.8
      Orc:2 |    1244 |    5568 |  81.7 |      22 |      32 |  59.3
            +---------+---------+-------+---------+---------+-------
